Warning! The script has encountered some errors when parsing the replay. Please report them to the . » details
0x00, prev: 0x16: 16 02 01 00 F3 3D 00 00 70 02 01 00 [00] 00 00 00 00 00 00 00 00 00 00 00 00 00 00 00 00 00 00 00 00 00 00 00 09 00
0x00, prev: 0x00: 16 02 01 00 F3 3D 00 00 70 02 01 00 00 00 00 00 00 00 00 00 00 00 00 00 00 00 00 00 00 00 00 00 00 00 [00] 00 09 00
0x00, prev: 0x02: 16 02 01 00 9A 3D 00 00 75 98 03 00 00 00 00 00 00 00 00 00 00 00 00 00 00 00 00 00 00 00 00 00 00 00 00 00 02 [00]
0x00, prev: 0x01: 16 02 01 00 C8 4D 00 00 D3 19 07 00 00 00 00 00 00 00 00 00 00 00 00 00 00 00 00 00 00 00 00 00 00 00 00 00 01 [00] 05 1F 00 12 00 00 03 00 0D 00 FF FF FF FF FF FF FF FF 88 3A 71 C5 54 5B B8 C3 FF FF FF FF FF FF FF FF
0x0D, prev: 0x00: 16 02 01 00 03 50 00 00 06 50 00 00 00 00 00 00 00 00 00 00 00 00 00 00 00 00 00 00 00 00 00 00 00 00 00 00 [0D] 00 06 11 00 18 02 03 1A 19 67 6D 61 48 1E 47 00 00 55 BF 00 00
0x0C, prev: 0x00: 16 02 0B 00 04 17 00 00 65 28 0F 00 02 20 00 00 AB 0A 0E 00 24 3B 00 00 5C 6A 0D 00 6C 3F 00 00 0B 5A 0E 00 1B 42 00 00 78 D1 0D 00 3C 43 00 00 A1 D1 0D 00 0D 46 00 00 05 A8 0D 00 19 46 00 00 34 5A 0E 00 3B 54 00 00 82 0A 0E 00 58 5E 00 00 2E A8 0D 00 06 65 00 00 C8 DD 0E 00 00 00 00 00 00 00 00 00 00 00 00 00 00 00 00 00 00 00 00 00 00 00 00 00 [0C] 00
0x08, prev: 0x00: 16 02 01 00 DD 04 00 00 45 17 07 00 00 00 00 00 00 00 00 00 00 00 00 00 00 00 00 00 00 00 00 00 00 00 00 00 [08] 00
0x09, prev: 0x00: 16 02 01 00 F3 3D 00 00 70 02 01 00 00 00 00 00 00 00 00 00 00 00 00 00 00 00 00 00 00 00 00 00 00 00 00 00 [09] 00
0x00, prev: 0x04: 16 02 01 00 D3 48 00 00 BF 96 00 00 00 00 00 00 00 00 00 00 00 00 00 00 00 00 00 00 00 00 00 00 00 00 00 00 04 [00]
0x0B, prev: 0x00: 16 02 0B 00 04 17 00 00 65 28 0F 00 02 20 00 00 AB 0A 0E 00 24 3B 00 00 5C 6A 0D 00 6C 3F 00 00 0B 5A 0E 00 1B 42 00 00 78 D1 0D 00 3C 43 00 00 A1 D1 0D 00 0D 46 00 00 05 A8 0D 00 19 46 00 00 34 5A 0E 00 3B 54 00 00 82 0A 0E 00 58 5E 00 00 2E A8 0D 00 06 65 00 00 C8 DD 0E 00 00 00 00 00 00 00 00 00 00 00 00 00 00 00 00 00 00 00 00 00 00 00 00 00 [0B] 00
General information
- name: BNet
- type: Ladder team game (AT/RT)
- host: Battle.net
- saver: EuropeIsAShltHo
map: Highperch
- players: 6
- length: 72:10
- speed: Fast
- version: 1.23 W3XP
- replay type: Public
» download(341 KB)
Players
team 1 (winner)
EuropeIsAShltHo (
yellow | 115 APM | 3119 actions | 27:11)
5 Pandaren Brewmaster
2 Breath of Fire
2 Drunken Haze
1 Storm Earth and Fire
4 Paladin
2 Holy Light
2 Divine Shield
2 Archmage
1 Brilliance Aura
1 Blizzard
» actions
| Assign group hotkey | 43 | |
| Basic commands | 110 | |
| Build / train | 152 | |
| ESC pressed | 34 | |
| Enter build submenu | 87 | |
| Enter hero's abilities submenu | 13 | |
| Give item / drop item | 3 | |
| Right click | 1201 | |
| Select / deselect | 577 | |
| Select group hotkey | 605 | |
| Use ability | 294 | |
3119 total
» units
| Peasant | 21 | |
| Sorceress | 2 | |
| Mortar Team | 9 | |
| Dragonhawk Rider | 10 | |
| Siege Engine | 10 | |
52 total
» upgrades
| Masonry | 3 | |
| Magic Sentry | 1 | |
| Sorceress Training | 2 | |
| Flare | 1 | |
| Lumber Harvesting | 2 | |
| Fragmentation Shards | 1 | |
| Gunpowder | 3 | |
| Barrage | 1 | |
| Swords | 2 | |
| Priest Training | 1 | |
| Armor | 1 | |
| Cloud | 1 | |
19 total
» buildings
| Lumber Mill | 2 | |
| Farm | 11 | |
| Scout Tower | 95 | |
| Altar of Kings | 1 | |
| Arcane Tower | 5 | |
| Guard Tower | 37 | |
| Keep | 2 | |
| Blacksmith | 1 | |
| Town Hall | 1 | |
| Castle | 2 | |
| Arcane Sanctum | 1 | |
| Workshop | 2 | |
| Gryphon Aviary | 2 | |
| Arcane Vault | 1 | |
163 total
» build order
00:15 Lumber Mill
00:20 Farm
00:38 Scout Tower
00:43 Scout Tower
01:10 Altar of Kings
01:19 Scout Tower
01:20 Arcane Tower
01:23 Arcane Tower
01:23 Arcane Tower
01:31 Scout Tower
01:50 Guard Tower
01:51 Scout Tower
01:57 Scout Tower
01:58 Guard Tower
02:10 Farm
02:21 Guard Tower
02:23 Scout Tower
02:24 Scout Tower
02:28 Scout Tower
02:30 Scout Tower
02:31 Guard Tower
02:57 Guard Tower
02:59 Scout Tower
02:59 Scout Tower
03:02 Scout Tower
03:03 Scout Tower
03:04 Guard Tower
03:10 Scout Tower
03:41 Guard Tower
03:42 Scout Tower
03:43 Scout Tower
03:47 Scout Tower
03:48 Scout Tower
03:49 Guard Tower
04:10 Arcane Tower
04:12 Guard Tower
04:14 Scout Tower
04:15 Scout Tower
04:16 Guard Tower
04:19 Scout Tower
04:20 Scout Tower
04:21 Guard Tower
04:58 Keep
05:08 Guard Tower
05:13 Scout Tower
05:14 Scout Tower
05:15 Scout Tower
05:59 Guard Tower
06:08 Blacksmith
06:22 Guard Tower
06:27 Town Hall
06:33 Scout Tower
07:04 Scout Tower
07:05 Scout Tower
07:06 Scout Tower
07:06 Scout Tower
07:11 Scout Tower
07:12 Arcane Tower
07:33 Castle
07:41 Arcane Sanctum
07:56 Guard Tower
08:57 Scout Tower
08:58 Scout Tower
08:58 Scout Tower
08:59 Scout Tower
09:00 Scout Tower
09:18 Guard Tower
09:46 Workshop
10:18 Guard Tower
10:48 Guard Tower
11:01 Scout Tower
11:03 Scout Tower
11:03 Scout Tower
11:04 Scout Tower
11:11 Scout Tower
11:13 Scout Tower
11:14 Scout Tower
11:32 Farm
11:33 Farm
12:07 Farm
12:08 Farm
12:27 Guard Tower
13:15 Gryphon Aviary
13:15 Gryphon Aviary
14:25 Arcane Vault
14:28 Guard Tower
14:39 Guard Tower
» items
| Boots of Speed | 2 | |
| Staff of Teleportation | 2 | |
| Lesser Clarity Potion | 2 | |
| Healing Salve | 1 | |
| Scroll of Town Portal | 5 | |
| Orb of Lightning | 2 | |
| Tiny Great Hall | 2 | |
| Staff of Sanctuary | 1 | |
| Ivory Tower | 1 | |
18 total
leAndEuropeansA (
purple | 85 APM | 2297 actions | 27:10)
5 Pandaren Brewmaster
2 Breath of Fire
1 Drunken Haze
1 Storm Earth and Fire
1 Drunken Brawler
» actions
| Assign group hotkey | 40 | |
| Basic commands | 25 | |
| Build / train | 87 | |
| ESC pressed | 1 | |
| Enter build submenu | 37 | |
| Enter hero's abilities submenu | 7 | |
| Give item / drop item | 2 | |
| Right click | 1138 | |
| Select / deselect | 405 | |
| Select group hotkey | 382 | |
| Use ability | 173 | |
2297 total
» units
| Wisp | 22 | |
| Druid of the Talon | 21 | |
43 total
» upgrades
| Strength of the Wild | 3 | |
| Well Spring | 1 | |
| Druid of the Talon Training | 2 | |
| Reinforced Hides | 3 | |
| Mark of the Talon | 1 | |
| Ultravision | 1 | |
11 total
» buildings
| Altar of Elders | 1 | |
| Moon Well | 26 | |
| Hunter's Hall | 1 | |
| Tree of Life | 2 | |
| Tree of Ages | 5 | |
| Tree of Eternity | 2 | |
| Ancient of Wonders | 1 | |
| Ancient of Wind | 4 | |
42 total
» build order
00:11 Altar of Elders
00:17 Moon Well
03:10 Moon Well
03:14 Moon Well
03:55 Hunter's Hall
04:21 Moon Well
04:28 Moon Well
05:27 Moon Well
05:31 Moon Well
05:43 Moon Well
05:47 Moon Well
06:30 Moon Well
06:35 Moon Well
06:46 Moon Well
06:52 Tree of Life
06:54 Tree of Life
06:58 Moon Well
07:21 Tree of Ages
07:22 Tree of Ages
07:22 Tree of Ages
07:22 Tree of Ages
07:58 Moon Well
07:59 Moon Well
09:41 Moon Well
09:59 Moon Well
10:02 Moon Well
10:05 Moon Well
10:52 Tree of Eternity
10:52 Tree of Eternity
11:22 Ancient of Wonders
11:26 Moon Well
11:30 Moon Well
11:41 Moon Well
11:42 Moon Well
12:31 Ancient of Wind
12:32 Ancient of Wind
12:35 Ancient of Wind
12:38 Ancient of Wind
12:46 Moon Well
12:48 Moon Well
14:39 Moon Well
» items
| Boots of Speed | 1 | |
| Staff of Teleportation | 1 | |
| Scroll of Town Portal | 4 | |
| Orb of Lightning | 1 | |
| Tiny Great Hall | 1 | |
8 total
reWorthlessScum (
red | 92 APM | 2511 actions | 27:10)
6 Pandaren Brewmaster
2 Breath of Fire
3 Drunken Brawler
1 Drunken Haze
» actions
| Assign group hotkey | 42 | |
| Basic commands | 73 | |
| Build / train | 84 | |
| Enter build submenu | 21 | |
| Enter hero's abilities submenu | 8 | |
| Give item / drop item | 7 | |
| Right click | 1466 | |
| Select / deselect | 362 | |
| Select group hotkey | 266 | |
| Use ability | 182 | |
2511 total
» units
» upgrades
| Ranged Weapons | 3 | |
| Armor | 2 | |
| Liquid Fire | 1 | |
6 total
» buildings
| Altar of Storms | 1 | |
| Orc Burrow | 8 | |
| War Mill | 1 | |
| Stronghold | 3 | |
| Voodoo Lounge | 3 | |
| Beastiary | 3 | |
| Fortress | 3 | |
| Watch Tower | 3 | |
25 total
» build order
00:10 Altar of Storms
00:16 Orc Burrow
00:51 War Mill
01:26 Orc Burrow
03:28 Stronghold
03:28 Stronghold
04:07 Voodoo Lounge
04:12 Voodoo Lounge
04:23 Orc Burrow
05:14 Orc Burrow
05:19 Orc Burrow
06:47 Beastiary
06:50 Beastiary
06:55 Beastiary
09:13 Fortress
09:14 Fortress
10:59 Watch Tower
10:59 Watch Tower
11:02 Watch Tower
14:39 Orc Burrow
» items
| Boots of Speed | 1 | |
| Staff of Teleportation | 1 | |
| Orb of Lightning | 1 | |
| Scroll of Speed | 7 | |
| Scroll of Town Portal | 2 | |
| Potion of Mana | 3 | |
| Potion of Lesser Invulnerability | 1 | |
16 total
team 2 (loser)
Ghost.Mordred. (
orange | 214 APM | 3497 actions | 16:19)
4 Tauren Chieftain
2 Endurance Aura
2 War Stomp
» actions
| Assign group hotkey | 47 | |
| Basic commands | 96 | |
| Build / train | 109 | |
| ESC pressed | 1 | |
| Enter build submenu | 32 | |
| Enter hero's abilities submenu | 4 | |
| Give item / drop item | 1 | |
| Remove unit from queue | 4 | |
| Right click | 1550 | |
| Select / deselect | 536 | |
| Select group hotkey | 976 | |
| Use ability | 141 | |
3497 total
» units
| Peon | 23 | |
| Grunt | 4 | |
| Wind Rider | 1 | |
| Demolisher | 5 | |
| Raider | 3 | |
| Tauren | 9 | |
| Spirit Walker | 3 | |
48 total
» upgrades
| Berserker Strength | 1 | |
| Ensnare | 1 | |
| Ranged Weapons | 1 | |
| Burning Oil | 1 | |
| Reinforced Defenses | 1 | |
| Pulverize | 1 | |
| Spirit Walker Training | 1 | |
| Melee Weapons | 2 | |
| Armor | 2 | |
11 total
» buildings
| Altar of Storms | 1 | |
| Orc Burrow | 7 | |
| Barracks | 3 | |
| Voodoo Lounge | 3 | |
| Stronghold | 2 | |
| Great Hall | 1 | |
| Beastiary | 2 | |
| Spirit Lodge | 3 | |
| War Mill | 1 | |
| Fortress | 2 | |
| Watch Tower | 6 | |
| Tauren Totem | 2 | |
33 total
» build order
00:07 Altar of Storms
00:20 Orc Burrow
00:37 Barracks
01:29 Orc Burrow
01:54 Voodoo Lounge
03:01 Stronghold
03:01 Stronghold
04:49 Great Hall
05:51 Orc Burrow
06:35 Beastiary
06:37 Spirit Lodge
06:40 Beastiary
06:44 War Mill
07:05 Barracks
08:51 Orc Burrow
08:53 Orc Burrow
09:23 Fortress
09:40 Watch Tower
11:10 Watch Tower
13:05 Watch Tower
13:26 Voodoo Lounge
13:54 Orc Burrow
14:10 Voodoo Lounge
14:39 Watch Tower
» items
| Healing Salve | 8 | |
| Scroll of Speed | 1 | |
| Boots of Speed | 1 | |
| Orb of Lightning | 1 | |
| Scroll of Healing | 1 | |
| Potion of Healing | 3 | |
| Lesser Clarity Potion | 2 | |
| Tiny Great Hall | 2 | |
19 total
LeJuste (
pink | 93 APM | 2527 actions | 27:10)
3 Death Knight
2 Death Coil
1 Unholy Aura
2 Lich
1 Frost Nova
1 Frost Armor
1 Crypt Lord
1 Impale
1 Tauren Chieftain
1 War Stomp
» actions
| Assign group hotkey | 39 | |
| Basic commands | 39 | |
| Build / train | 71 | |
| Enter build submenu | 21 | |
| Enter hero's abilities submenu | 10 | |
| Give item / drop item | 3 | |
| Right click | 1196 | |
| Select / deselect | 453 | |
| Select group hotkey | 591 | |
| Use ability | 104 | |
2527 total
» units
| Acolyte | 2 | |
| Ghoul | 3 | |
| Crypt Fiend | 12 | |
| Harpy Rogue | 2 | |
| Frost Wyrm | 3 | |
22 total
» upgrades
| Creature Attack | 2 | |
| Web | 1 | |
| Creature Carapace | 2 | |
| Burrow | 1 | |
| Freezing Breath | 1 | |
7 total
» buildings
| Graveyard | 1 | |
| Crypt | 2 | |
| Altar of Darkness | 1 | |
| Ziggurat | 9 | |
| Tomb of Relics | 1 | |
| Nerubian Tower | 2 | |
| Halls of the Dead | 3 | |
| Spirit Tower | 1 | |
| Black Citadel | 2 | |
| Sacrificial Pit | 1 | |
| Boneyard | 2 | |
25 total
» build order
00:13 Graveyard
00:34 Crypt
00:52 Altar of Darkness
01:18 Ziggurat
02:00 Ziggurat
02:06 Tomb of Relics
02:25 Nerubian Tower
04:29 Halls of the Dead
04:29 Halls of the Dead
05:34 Ziggurat
06:52 Crypt
06:55 Ziggurat
10:44 Spirit Tower
11:45 Ziggurat
12:23 Ziggurat
14:04 Black Citadel
14:04 Ziggurat
14:39 Ziggurat
» items
| Rod of Necromancy | 1 | |
| Circlet of Nobility | 1 | |
| Periapt of Vitality | 1 | |
| Scroll of Healing | 2 | |
| Potion of Lesser Invulnerability | 2 | |
| Potion of Healing | 2 | |
| Scroll of Regeneration | 1 | |
10 total
SweeT[Chibi] (
green | 141 APM | 3291 actions | 23:23)
4 Archmage
2 Blizzard
2 Brilliance Aura
1 Blood Mage
1 Flame Strike
1 Paladin
1 Holy Light
» actions
| Assign group hotkey | 45 | |
| Basic commands | 81 | |
| Build / train | 82 | |
| ESC pressed | 1 | |
| Enter build submenu | 44 | |
| Enter hero's abilities submenu | 7 | |
| Give item / drop item | 2 | |
| Right click | 1848 | |
| Select / deselect | 427 | |
| Select group hotkey | 665 | |
| Use ability | 89 | |
3291 total
» units
| Peasant | 20 | |
| Footman | 6 | |
| Siege Engine | 13 | |
| Mortar Team | 4 | |
43 total
» upgrades
| Gunpowder | 3 | |
| Barrage | 1 | |
| Flare | 1 | |
| Fragmentation Shards | 1 | |
6 total
» buildings
| Altar of Kings | 1 | |
| Barracks | 1 | |
| Farm | 12 | |
| Scout Tower | 17 | |
| Arcane Tower | 2 | |
| Arcane Vault | 2 | |
| Lumber Mill | 1 | |
| Town Hall | 1 | |
| Guard Tower | 7 | |
| Keep | 1 | |
| Blacksmith | 1 | |
| Castle | 3 | |
| Workshop | 3 | |
52 total
» build order
00:11 Altar of Kings
00:27 Barracks
00:40 Farm
00:52 Farm
01:36 Scout Tower
01:48 Farm
02:24 Arcane Tower
04:11 Arcane Vault
04:13 Scout Tower
04:14 Scout Tower
04:15 Scout Tower
04:16 Scout Tower
04:21 Lumber Mill
04:26 Scout Tower
04:54 Arcane Tower
05:08 Town Hall
05:31 Farm
05:32 Farm
05:51 Guard Tower
06:46 Guard Tower
06:55 Guard Tower
07:19 Farm
07:59 Keep
08:34 Blacksmith
09:34 Scout Tower
09:35 Scout Tower
09:39 Scout Tower
09:43 Scout Tower
09:45 Scout Tower
10:05 Scout Tower
10:08 Scout Tower
10:10 Scout Tower
10:20 Castle
10:20 Castle
10:39 Guard Tower
10:44 Workshop
11:01 Workshop
11:32 Workshop
11:34 Farm
12:14 Farm
12:15 Farm
13:53 Guard Tower
13:55 Guard Tower
14:38 Arcane Vault
14:39 Farm
» items
Chat log
(00:19 / All) LeJuste: america
(00:20 / Allies) leAndEuropeansA: pandas??
(00:21 / All) LeJuste: fattest
(00:23 / Allies) EuropeIsAShltHo: ya
(00:26 / All) LeJuste: and most stupid
(00:29 / All) EuropeIsAShltHo:
(00:30 / All) LeJuste: country in the world
(00:32 / Allies) EuropeIsAShltHo: michael say space
(00:33 / Allies) EuropeIsAShltHo: to all
(00:34 / All) reWorthlessScum: THAT'S ALL URBAN LEGENDS
(00:38 / Allies) EuropeIsAShltHo: fail
(00:40 / All) reWorthlessScum: PROPAGANDA MADE UP BY YOUR SHITTY NEIGHBORS
(00:42 / All) LeJuste: cant understand why you talk
(00:43 / All) leAndEuropeansA:
(00:47 / All) Ghost.Mordred.: your mom is an urban legend
(00:48 / All) EuropeIsAShltHo: yeah rofl at listening to cold war
(00:49 / All) Ghost.Mordred.: i say
(00:50 / All) EuropeIsAShltHo: propoganda
(00:55 / All) EuropeIsAShltHo: u guys think we all drink cocaine cola
(00:58 / All) EuropeIsAShltHo: dumb poor russians
(01:01 / All) LeJuste: no
(01:03 / All) LeJuste: i think
(01:08 / All) reWorthlessScum: you dont think
(01:10 / All) reWorthlessScum: quit lying
(01:11 / All) LeJuste: u fat ugly hamburger eating dog-spawn
(01:13 / Allies) EuropeIsAShltHo: res;ouresxc
(01:14 / All) SweeT[Chibi]: ...
(01:25 / Allies) leAndEuropeansA: PANDAS??
(01:31 / All) LeJuste: anyway
(01:34 / Allies) EuropeIsAShltHo: no, wood
(01:35 / All) LeJuste: whens the next war?
(01:37 / Allies) EuropeIsAShltHo: yes pandas
(01:38 / Allies) leAndEuropeansA: HAY
(01:39 / Allies) EuropeIsAShltHo: i said yes already
(01:42 / Allies) EuropeIsAShltHo: but u were chatting enemy
(01:43 / Allies) EuropeIsAShltHo: wood
(01:44 / All) LeJuste: go get ur asses kicked by arabs again?
(01:44 / Allies) EuropeIsAShltHo: wood
(01:53 / Allies) leAndEuropeansA: NO I WASNT
(01:54 / Allies) leAndEuropeansA: FAG
(02:04 / Allies) EuropeIsAShltHo: well by towers
(02:06 / Allies) EuropeIsAShltHo: not in ur base
(02:42 / Allies) EuropeIsAShltHo: share
(03:52 / Allies) EuropeIsAShltHo: orc tech
(03:59 / Allies) reWorthlessScum: dad found
(04:04 / Allies) EuropeIsAShltHo: ?
(05:02 / Allies) EuropeIsAShltHo: last hit minddiece mina
(05:23 / Allies) EuropeIsAShltHo: uy2 do right
(05:33 / Allies) EuropeIsAShltHo: michael well more
(05:37 / Allies) EuropeIsAShltHo: what the snore
(06:11 / Allies) reWorthlessScum: they instant surround and dota stomped me
(06:18 / Allies) EuropeIsAShltHo: why did you go out there
(06:21 / Allies) reWorthlessScum: and dad is like down the hall boring a hole in my head
(06:23 / Allies) reWorthlessScum: with his eyes
(06:27 / Allies) EuropeIsAShltHo: gay
(06:27 / Allies) reWorthlessScum: i predict: total failure
(06:39 / Allies) EuropeIsAShltHo: spend all ur gold on wells
(07:21 / Allies) EuropeIsAShltHo: heal up then do left side orange
(07:26 / Allies) EuropeIsAShltHo: 1 of u go get staff
(07:27 / Allies) EuropeIsAShltHo: and staff to us
(08:28 / Allies) EuropeIsAShltHo: k gogo
(09:11 / Allies) reWorthlessScum: michael lend me some gold
(09:20 / Allies) EuropeIsAShltHo: populate ur expo
(09:36 / Allies) EuropeIsAShltHo: more wells
(09:38 / Allies) EuropeIsAShltHo: and get t3 wells
(09:51 / Allies) EuropeIsAShltHo: bat it
(10:07 / Allies) EuropeIsAShltHo: achoo
(10:09 / Allies) EuropeIsAShltHo: a snore got in my nose
(10:30 / Allies) EuropeIsAShltHo: get botos staff if u don have
(10:40 / Allies) EuropeIsAShltHo: u get 3
(11:20 / Allies) reWorthlessScum: need more wells
(11:23 / Allies) reWorthlessScum: wells crucual to panda
(11:26 / Allies) EuropeIsAShltHo: dont sell tp
(11:36 / Allies) EuropeIsAShltHo: INC
(11:37 / Allies) EuropeIsAShltHo: INC
(11:38 / Allies) EuropeIsAShltHo: B READY ALL
(11:39 / Allies) EuropeIsAShltHo: INC
(12:52 / Allies) EuropeIsAShltHo: CARE
(12:59 / Allies) leAndEuropeansA: WHO DID THST??
(13:07 / Allies) EuropeIsAShltHo: go
(13:09 / Allies) EuropeIsAShltHo: oapdaopdada\
(14:06 / Allies) reWorthlessScum: when i speed scroll go
(14:08 / Allies) EuropeIsAShltHo: get dotts like usual
(14:13 / Allies) reWorthlessScum: not soon tho
(14:21 / Allies) reWorthlessScum: alex wheres ur panda
(14:34 / Allies) EuropeIsAShltHo: [)34D
(14:39 / All) Ghost.Mordred.: and alone in his appartment
(14:40 / All) Ghost.Mordred.: and crying at night
(14:44 / All) LeJuste: done be fucking kids
(14:45 / All) Ghost.Mordred.: becoz he has no friends
(14:48 / All) LeJuste: come fight
(14:53 / All) LeJuste: we cant fucking kill you
(14:58 / All) LeJuste: so just fight with us
(14:59 / Allies) EuropeIsAShltHo: u might expo that
(15:03 / Allies) EuropeIsAShltHo: these guys might be too lazy to mine
(15:04 / All) Ghost.Mordred.: cia fuckers
(15:09 / All) Ghost.Mordred.: show this reps
(15:13 / All) reWorthlessScum: fbi?
(15:15 / All) Ghost.Mordred.: they ll spit on you
(15:25 / All) Ghost.Mordred.: thx for being so stupid
(15:29 / All) EuropeIsAShltHo: np
(15:31 / All) Ghost.Mordred.: at least you made me laugh
(15:31 / All) EuropeIsAShltHo: we go afk soon
(15:33 / All) reWorthlessScum: you're welcome
(15:34 / All) EuropeIsAShltHo: and 3 hours later
(15:35 / All) EuropeIsAShltHo: come back nad win
(15:39 / All) EuropeIsAShltHo: stick around and watch ifu want
(15:40 / All) leAndEuropeansA: rager
(15:41 / All) Ghost.Mordred.: now i feel like a great person
(15:41 / All) EuropeIsAShltHo: but it will be 3 hours
(15:44 / Allies) reWorthlessScum: theyre all poor
(15:47 / Allies) EuropeIsAShltHo: wanna fake afk?
(15:49 / All) Ghost.Mordred.: sure
(15:58 / Allies) reWorthlessScum: no but i can do the real deal
(16:06 / All) Ghost.Mordred.: well this is it
(16:12 / All) Ghost.Mordred.: get a job man
(16:12 / Allies) reWorthlessScum: ps dont kill the wisp over there
(16:16 / All) Ghost.Mordred.: you need it
(16:18 / Allies) EuropeIsAShltHo: expo
(16:18 / Allies) reWorthlessScum: the building cov ers it on the minimap
(16:19 / Allies) EuropeIsAShltHo: left mine
(16:22 / Allies) reWorthlessScum: dont kill the building either
(16:41 / All) EuropeIsAShltHo: 1 down
(16:42 / All) EuropeIsAShltHo: 2 2 go
(16:44 / All) EuropeIsAShltHo: gl n hf
(16:50 / Allies) reWorthlessScum: those burrows have no peons in them at orange
(16:54 / All) LeJuste: he said he would leave
(16:59 / All) LeJuste: i said i was staying
(17:02 / Allies) reWorthlessScum: the ud base would be a bitch if htey hid in it
(17:15 / Allies) EuropeIsAShltHo: if they go afk
(17:17 / Allies) EuropeIsAShltHo: anythign can be overcome
(17:29 / Allies) EuropeIsAShltHo: i have enough skrilla to get panda and pally back
(17:31 / Allies) EuropeIsAShltHo: so if we wipe
(17:33 / Allies) EuropeIsAShltHo: i can come back
(17:34 / Allies) reWorthlessScum: i wantto hack obviously
(17:42 / Allies) reWorthlessScum: whats skrilla
(17:47 / Allies) EuropeIsAShltHo: money lol
(18:19 / Allies) EuropeIsAShltHo: i almost
(18:21 / Allies) EuropeIsAShltHo: attacked a tree
(18:23 / Allies) EuropeIsAShltHo: that maybe was in shade
(18:27 / Allies) EuropeIsAShltHo: that woudl have been gay
(18:32 / Allies) EuropeIsAShltHo: didnt we get a disc one time
(18:33 / Allies) EuropeIsAShltHo: for tha
(18:44 / Allies) EuropeIsAShltHo: im just gonna a ground
(18:50 / Allies) reWorthlessScum: ya
(19:12 / Allies) EuropeIsAShltHo: lol
(19:15 / Allies) EuropeIsAShltHo: look mid map
(19:26 / Allies) EuropeIsAShltHo: checkign expo
(19:30 / Allies) EuropeIsAShltHo: we coudl have taken a couple hundred out of it
(19:31 / Allies) EuropeIsAShltHo: by now tho
(19:34 / Allies) reWorthlessScum: getting merc?
(19:37 / Allies) EuropeIsAShltHo: w/e if they mine it
(19:39 / Allies) EuropeIsAShltHo: yeah maybe
(19:41 / Allies) EuropeIsAShltHo: for faerie fire
(19:43 / Allies) EuropeIsAShltHo: theyd id that eralier
(20:00 / Allies) reWorthlessScum: theres shit gathering south of our perch
(20:05 / Allies) EuropeIsAShltHo: let it
(20:08 / Allies) reWorthlessScum: no he got the rogue
(20:11 / Allies) EuropeIsAShltHo: dont respond at all unless he sends all his wyrms
(20:13 / Allies) reWorthlessScum: dont
(20:14 / Allies) reWorthlessScum: move
(20:15 / Allies) reWorthlessScum: anything
(20:18 / Allies) reWorthlessScum: when that dumb bird comes
(20:21 / Allies) EuropeIsAShltHo: it will die anyway
(20:23 / Allies) EuropeIsAShltHo: towers are far out
(20:36 / Allies) leAndEuropeansA: ... ?
(20:40 / Allies) EuropeIsAShltHo: lol
(20:44 / All) LeJuste: shit guys
(20:48 / Allies) reWorthlessScum: goodbye my coney island baaaaaaaaaaaaaaaaaaaaaaaaaaabe
(20:49 / Allies) EuropeIsAShltHo: dont say anything either
(20:52 / All) LeJuste: thats a bit violent isnt it???
(21:06 / Allies) EuropeIsAShltHo: we should jsut say
(21:07 / Allies) EuropeIsAShltHo: spaces
(21:09 / Allies) EuropeIsAShltHo: so our names read
(21:10 / Allies) EuropeIsAShltHo: in team caht
(21:12 / Allies) EuropeIsAShltHo: i go first
(21:13 / Allies) EuropeIsAShltHo:
(21:13 / Allies) leAndEuropeansA: i winder what le juste means
(21:31 / Allies) leAndEuropeansA:
(21:41 / Allies) leAndEuropeansA: oh im second
(22:14 / All) EuropeIsAShltHo: l0l
(22:30 / Allies) EuropeIsAShltHo: we could maybe
(22:31 / Allies) reWorthlessScum: im gonna go buy a tp
(22:31 / Allies) EuropeIsAShltHo: kill that am
(22:32 / All) LeJuste: well
(22:34 / Allies) reWorthlessScum: maybe an invul pot
(22:34 / Allies) EuropeIsAShltHo: not sure its worth risk tho
(22:39 / Allies) EuropeIsAShltHo: i think they leaving soon tho
(22:43 / Allies) EuropeIsAShltHo: we didnt lose any 50 bats this game
(22:45 / All) LeJuste: thats the end of my shitty plan
(22:45 / Allies) EuropeIsAShltHo: nothign to make them happy
(22:50 / All) LeJuste: now all i can do is do like u
(22:52 / All) LeJuste: wait :)
(23:01 / All) leAndEuropeansA: :)
(23:01 / Allies) EuropeIsAShltHo: if he tries to perch left we can stop it easy
(23:06 / Allies) EuropeIsAShltHo: well
(23:09 / Allies) EuropeIsAShltHo: if we get there before hall
(23:11 / Allies) reWorthlessScum: theyre broke
(23:11 / Allies) EuropeIsAShltHo: if we get there after
(23:12 / Allies) EuropeIsAShltHo: forget it
(23:13 / Allies) reWorthlessScum: didnt you notice?
(23:15 / All) LeJuste: oh
(23:16 / Allies) reWorthlessScum: use ur dam hack
(23:16 / All) LeJuste: Btw
(23:17 / Allies) EuropeIsAShltHo: it would only take
(23:18 / Allies) EuropeIsAShltHo: 600 gold
(23:20 / Allies) EuropeIsAShltHo: he can sellt hat much
(23:23 / All) LeJuste: how did u get a hero up there
(23:23 / All) reWorthlessScum: just asking
(23:25 / Allies) EuropeIsAShltHo: i think
(23:26 / Allies) EuropeIsAShltHo: we coudl take them
(23:27 / All) LeJuste: canada and america yes
(23:28 / Allies) EuropeIsAShltHo: with all air
(23:30 / All) LeJuste: not mexico
(23:31 / Allies) EuropeIsAShltHo: and all heros
(23:31 / All) LeJuste: and
(23:39 / All) LeJuste: there are a lot of immigrants in france
(23:44 / All) LeJuste: but unlike immigrants in america
(23:47 / All) LeJuste: theyre successful
(23:51 / All) leAndEuropeansA: arab immigrants?
(24:02 / All) LeJuste: no that was 40 years ago
(24:17 / All) LeJuste: now eastern europe
(24:19 / All) LeJuste: old ussr
(24:22 / All) EuropeIsAShltHo: u have to listen to mosques wailing all day in europe
(24:24 / All) LeJuste: anyways
(24:27 / All) LeJuste: arabs
(24:31 / All) reWorthlessScum: rofl
(24:32 / All) LeJuste: of course not
(24:33 / All) LeJuste: and
(24:40 / All) LeJuste: its not wailing if u took the time to listen
(24:48 / All) LeJuste: not more stupid than u and ur fucking pope
(24:52 / All) leAndEuropeansA: i dont have to
(24:55 / All) EuropeIsAShltHo: i dont listen to the pope
(24:56 / All) EuropeIsAShltHo: 6 t6imes a day
(24:59 / All) EuropeIsAShltHo: on a pa system
(25:01 / All) EuropeIsAShltHo: ALL OVER THE CITY
(25:10 / All) LeJuste: thats not in europe
(25:12 / All) reWorthlessScum: you go see the pope
(25:12 / All) LeJuste: and
(25:16 / All) reWorthlessScum: he doesnt even visit america
(25:16 / All) LeJuste: if u werent so stupid
(25:20 / Allies) EuropeIsAShltHo: time to fight
(25:24 / All) LeJuste: the calling to prayer
(25:29 / All) LeJuste: u get used to very easily
(26:05 / All) LeJuste: ok
(26:07 / All) LeJuste: the tech
(26:07 / All) LeJuste: is
(26:09 / All) LeJuste: incredible
(26:16 / All) LeJuste: best game ever
(26:24 / All) EuropeIsAShltHo: MOST Important part
(26:27 / All) EuropeIsAShltHo: is stayign udndr 50 food
(26:29 / All) EuropeIsAShltHo: for as long as u can
(26:37 / All) LeJuste: ill never do it
(26:43 / All) LeJuste: i never take other people's techs
(26:50 / All) LeJuste: stealing ideas
(26:56 / All) LeJuste: is not for us honorable muslims :)
(26:58 / All) EuropeIsAShltHo: u guys invented dk fiends lich wyrms?
(27:04 / All) LeJuste: only for u miscreant americans
(27:09 / All) LeJuste: cya guys